 Dungeon Crawl Stone Soup version 0.32-a0-377-g951292165a (webtiles) character file.

Game seed: 18052672686556410836

100428 Revguard the Severer (level 16, -4/204 HPs)
             Began as a Coglin Gladiator on Feb 19, 2024.
             Was a High Priest of Trog.
             Killed by divine providence
             ... invoked by an orc priest
              (10 damage)
             ... on level 2 of the Orcish Mines.
             The game lasted 01:02:48 (23038 turns).

Revguard the Severer (Coglin Gladiator)            Turns: 23038, Time: 01:02:49

Health: -4/204     AC: 27    Str: 29    XL:     16   Next: 27%
Magic:  16/16      EV: 12    Int: 21    God:    Trog [*****.]
Gold:   1137       SH:  0    Dex: 14    Spells: 15/15 levels left

rFire   . . .        k - +8 broad axe "Acou" {heavy, Int+3}
rCold   + . .        M - +4 war axe (venom) {Rubén}
rNeg    + . .        w - +2 plate armour
rPois   +            c - +0 helmet
rElec   .            o - +1 cloak
rCorr   .            i - +0 pair of gloves
SInv    .            Q - +0 pair of boots
Will    +....        (no amulet) Stlth
                     S - ring "Lyfumuce" {rPois rN+ Str+5}
HPRegen 0.54/turn    d - ring "Lamoogih" {rC+ Str+6}
MPRegen 0.15/turn

%: no passive effects
@: berserking, revved, stiff-legged, very slow
A: off-hand wielding, slow wielding, warmup strikes, warmup strides, iridescent
scales 2, clever 2, teleportitis 1
a: Renounce Religion, Berserk, Trog's Hand, Brothers in Arms


You were on level 2 of the Orcish Mines.
You worshipped Trog.
Trog was extremely pleased with you.
You visited 3 branches of the dungeon, and saw 22 of its levels.

You collected 2871 gold pieces.
You spent 1734 gold pieces at shops.

Inventory:

Hand Weapons
 k - the +8 broad axe "Acou" (weapon) {heavy, Int+3}
   (You acquired it on level 8 of the Dungeon)

   Int+3:     It affects your intelligence (+3).
 q - a +8 war axe of freezing {Mai}
 M - a +4 war axe of venom (worn) {Rubén}
Missiles
 e - 8 javelins
Armour
 c - a +0 helmet (worn)
 i - a +0 pair of gloves (worn)
 o - a +1 cloak (worn)
 w - a +2 plate armour (worn)
 Q - a +0 pair of boots (worn)
Jewellery
 d - the ring "Lamoogih" (right grasper) {rC+ Str+6}
   (You bought it in a shop on level 2 of the Orcish Mines)

   [ring of strength]

   Str+6:     It affects your strength (+6).
   rC+:       It protects you from cold.
 f - a ring of positive energy
 O - a ring of protection from fire
 R - the ring of Xom's Fair Game {Fire rCorr Str+2 Dex+4}
   (You found it on level 1 of the Lair of Beasts)

   [ring of fire]

   Fire:      It enhances your fire magic.
   Str+2:     It affects your strength (+2).
   Dex+4:     It affects your dexterity (+4).
   rF+:       It protects you from fire.
   rC-:       It makes you vulnerable to cold.
   rCorr:     It protects you from acid and corrosion.
 S - the ring "Lyfumuce" (left grasper) {rPois rN+ Str+5}
   (You bought it in a shop on level 7 of the Dungeon)

   [ring of positive energy]

   Str+5:     It affects your strength (+5).
   rPois:     It protects you from poison rN+: It protects you from negative
   energy.
Wands
 p - a wand of roots (9)
 u - a wand of flame (29)
 x - a wand of charming (15)
 A - a wand of polymorph (14)
 F - a wand of digging (5)
 H - a wand of mindburst (17)
Scrolls
 a - a scroll of enchant weapon
 m - 3 scrolls of teleportation
 s - 3 scrolls of fog
 t - a scroll of immolation
 v - 2 scrolls of torment
 y - 3 scrolls of poison
 z - 2 scrolls of brand weapon
 B - a scroll of fear
 D - a scroll of vulnerability
 E - 2 scrolls of revelation
 I - 5 scrolls of amnesia
 P - a scroll of blinking
 T - 4 scrolls of identify
Potions
 h - 2 potions of attraction
 n - 6 potions of might
 r - 3 potions of haste
 C - 2 potions of invisibility
 J - 8 potions of curing
 K - 5 potions of mutation
 L - 5 potions of ambrosia
 N - 2 potions of heal wounds
Miscellaneous
 b - a box of beasts
 U - a phantom mirror
 V - a condenser vane
 W - a lightning rod (4/4)


   Skills:
 * Level 15.4 Fighting
 * Level 15.6 Axes
 - Level 1.7 Throwing
 + Level 10.5 Armour
 + Level 10.9 Dodging
 - Level 0.7 Invocations
 + Level 14.1 Evocations


You had 15 spell levels left.
You didn't know any spells.
Your spell library contained the following spells:

 Spells                   Type           Power      Damage    Failure   Level
 Blink                    Tloc           0%         N/A       89%         2
 Lesser Beckoning         Tloc           0%         N/A       89%         2
 Momentum Strike          Conj/Tloc      0%         3d8       89%         2


Dungeon Overview and Level Annotations

Branches:
Dungeon (15/15)            Temple (0/1) D:7            Lair (5/5) D:8
  Swamp (0/4) Lair:2        Snake (0/4) Lair:2        Slime (0/5) Lair:4
    Orc (2/2) D:12            Elf (0/3) Orc:2        Vaults (0/5) D:14
 Depths (0/4) D:15

Altars:
Ashenzari
Cheibriados
Kikubaaqudgha
Nemelex Xobeh
Okawaru
Ru
Trog
Uskayaw
Xom
Zin
Beogh
Jiyva

Shops:
D:2 *   D:7 =   Orc:1 !   Orc:2 *([*!


Innate Abilities, Weirdness & Mutations

You can wield a second weapon in your off-hand.
It takes a long time for you to wield or remove held weapons.
Your first few attacks do less damage.
Your first movements take longer.
You are mostly covered in iridescent scales. (AC +4)
Your mind is very acute. (Int +8, Str/Dex -2)
You are occasionally teleported next to monsters.


Message History

You slash the orc high priest with your +4 war axe of venom!
The orange demon stings you but does no damage.
Unknown command.
The chaos spawn howls!
You cut the orc high priest into ribbons with your +4 war axe of venom!!!
You kill the orc high priest!
Trog accepts your kill.
The orc no longer looks unusually strong.
The orc warrior no longer looks unusually strong.
The orc high priest no longer looks unusually strong.
The orc warrior hits you but does no damage.
The orc warrior barely misses you. The orange demon closely misses you.
The orc warrior no longer looks unusually strong.
The orc priest mumbles some strange prayers to Beogh against you.
Beogh smites you!
* * * LOW HITPOINT WARNING * * *
The orc warrior barely misses you.
The orc warrior hits you from afar with a +0 halberd.
* * * LOW HITPOINT WARNING * * *
The orange demon stings you but does no damage.
Items here: )) [[.
You are too berserk!
Unknown command.
You chop the orc knight into pieces with your +4 war axe of venom!!!
The orc knight looks as sick as possible!
The orc knight is heavily wounded.
You slash the orc warrior with your +4 war axe of venom!
The orc warrior is poisoned.
You slice the orc knight with the +8 broad axe "Acou"!!
You slash the orc warrior with the +8 broad axe "Acou"!
You feel the power of Trog in you as your rage grows.
You kill the orc knight!
Trog accepts your kill.
The orc high priest prays to Beogh.
The orc warrior misses you.
The orc warrior hits you with a +1 halberd of protection.
* * * LOW HITPOINT WARNING * * *
The orc priest invokes the aid of Beogh against you.
Beogh smites you!
You die...

####### **##*** ###.....###
*##...,,*** #.........###
*##.....,,,,*** ............##
##......,,,,,,,**
.............###4o.o.o,,,,,,,,,**
.#.#.#.#.#.#.#)#o#o#.#.#,*,*,*,*∩
..............))@ooo3...,,,,,,,,,
.............#)#)oo.....,,,,,,,*,
................3oo.....,,,,,,,,,
.#.#.#.#.#.#.#.#.#o#.#.#,*,*,*,*∩
.............###.4......,,,,,,,**
............## ##.......,,,,,,**
#.........### *##.....,,,,***
###.....### *##..,,,*** #######
*******


You could see a soul eater (summoned), 2 orc high priests, an orange demon
(summoned), a neqoxec (summoned), a red devil (summoned), 5 orc warriors, 4 orc
priests and an orc.

Vanquished Creatures
  Gastronok (D:8)
  2 orc warlords (Orc:1)
  The ghost of sngkn the Fighter, a journeyman MiFi of Okawaru (D:12)
  8 vault guards (D:14)
  An ogre mage (D:15)
  6 hydras
  Erica (D:10)
  3 centaur warriors
  An alligator (Lair:2)
  A boulder beetle (Lair:1)
  9 two-headed ogres
  A naga warrior (D:12)
  A deep troll earth mage (D:15)
  2 tengu warriors (D:12)
  Urug (D:11)
  5 death yaks (Lair:4)
  3 orc high priests (Orc:2)
  A deep elf knight (D:12)
  2 skysharks (Lair:5)
  Lodul (D:10)
  A goliath frog (Lair:5)
  Pikel (D:9)
  A lindwurm (Lair:5)
  9 orc knights
  2 deep elf pyromancers
  3 ugly things
  4 orc sorcerers
  3 oklob plants (Lair:4)
  6 cyclopes
  8 kobold blastminers (Orc:1)
  A manticore (D:15)
  3 meliai (D:14)
  3 elephants
  Maurice (D:9)
  3 black mambas
  A freezing wraith (D:15)
  3 efreet
  2 unseen horrors (D:11)
  22 cane toads
  A tengu conjurer (D:15)
  9 komodo dragons
  A yaktaur (D:15)
  2 rime drakes (Lair:4)
  3 polar bears
  5 trolls
  16 hornets
  28 blink frogs
  A tyrant leech (Lair:5)
  13 slime creatures
  6 wyverns
  A wraith (D:14)
  4 hogs (D:10)
  46 yaks
  A spriggan (shapeshifter) (D:14)
  9 basilisks
  Eustachio (D:4)
  A human (D:10)
  9 wargs
  Grum (D:9)
  15 vampire mosquitoes
  2 steam dragons
  3 acid dragons
  2 nagas (Lair:2)
  17 water moccasins
  28 orc warriors
  2 sky beasts
  6 black bears
  2 laughing skulls (D:13)
  An ice beast (D:8)
  20 ogres
  17 wolves
  4 centaurs
  A phantom (D:4)
  3 kobold brigands (D:9)
  3 lemures (D:9)
  17 bullfrogs
  A gnoll sergeant (D:11)
  5 scorpions
  9 wights
  2 electric eels
  3 howler monkeys
  2 jellies
  A bombardier beetle (D:4)
  A gnoll bouda (D:7)
  35 orc priests
  Crazy Yiuf (D:4)
  6 hounds
  5 iguanas
  23 orc wizards
  23 gnolls
  7 adders
  2 river rats (D:3)
  A white imp (D:6)
  5 ribbon worms
  2 dart slugs
  106 orcs
  12 ball pythons
  5 bats
  7 endoplasms
  7 giant cockroaches
  5 goblins
  5 hobgoblins
  8 jackals
  19 kobolds
  7 quokkas
  A frilled lizard (D:1)
  7 rats
752 creatures vanquished.

Vanquished Creatures (others)
  4 orcs (Orc:2)
4 creatures vanquished.

Grand Total: 756 creatures vanquished

Notes
Turn   | Place    | Note
-------+----------+-------------------------------------------
     0 | D:1      | Revguard the Coglin Gladiator began the quest for the Orb.
     0 | D:1      | Reached XP level 1. HP: 16/16 MP: 1/1
   200 | D:1      | Reached XP level 2. HP: 22/22 MP: 2/2
   429 | D:1      | Reached skill level 1 in Evocations
   429 | D:1      | Reached XP level 3. HP: 25/28 MP: 3/3
   806 | D:2      | Found Kiuvur's Assorted Antiques.
   818 | D:2      | Reached XP level 4. HP: 34/34 MP: 4/4
   995 | D:2      | Reached skill level 1 in Armour
  1284 | D:2      | Reached XP level 5. HP: 39/40 MP: 5/5
  2000 | D:3      | Found a faded altar of an unknown god.
  2248 | D:3      | Found a glowing drain.
  2262 | D:3      | Reached XP level 6. HP: 35/47 MP: 6/6
  2343 | D:3      | Found a glowing silver altar of Zin.
  2938 | D:4      | Found a broken altar of Ashenzari.
  2981 | D:4      | Reached XP level 7. HP: 17/54 MP: 7/7
  3000 | D:4      | Gained mutation: You are partially covered in iridescent
                  | scales. (AC +2) [potion of mutation]
  3000 | D:4      | Gained mutation: Your mind is acute. (Int +4, Str/Dex -1)
                  | [potion of mutation]
  3000 | D:4      | Gained mutation: You are mostly covered in iridescent
                  | scales. (AC +4) [potion of mutation]
  3000 | D:4      | Gained mutation: Your mind is very acute. (Int +8, Str/Dex
                  | -2) [potion of mutation]
  3164 | D:4      | Noticed Eustachio
  3166 | D:4      | Found a bloodstained altar of Trog.
  3177 | D:4      | Killed Eustachio
  3178 | D:4      | Reached skill level 5 in Axes
  3210 | D:4      | Became a worshipper of Trog the Wrathful
  3286 | D:4      | Found a runed translucent door.
  3287 | D:4      | Noticed Crazy Yiuf
  3296 | D:4      | Killed Crazy Yiuf
  3634 | D:5      | Entered Level 5 of the Dungeon
  3641 | D:5      | Reached XP level 8. HP: 61/61 MP: 8/8
  3662 | D:5      | Reached skill level 5 in Fighting
  3684 | D:5      | Reached * piety under Trog
  4007 | D:5      | Reached skill level 5 in Evocations
  4092 | D:5      | Found a snail-covered altar of Cheibriados.
  4253 | D:6      | Reached ** piety under Trog
  4254 | D:6      | Reached XP level 9. HP: 69/69 MP: 9/9
  4684 | D:6      | Found a hide-covered altar of Uskayaw.
  4693 | D:6      | Found a sacrificial altar of Ru.
  5133 | D:6      | Found an iron altar of Okawaru.
  5136 | D:6      | Reached skill level 5 in Dodging
  5422 | D:7      | Found Bajole's Jewellery Boutique.
  5883 | D:7      | Found a staircase to the Ecumenical Temple.
  5916 | D:7      | You fall into a shaft and drop 1 floor!
  5942 | D:8      | Noticed a two-headed ogre
  5951 | D:8      | Killed a two-headed ogre
  5966 | D:7      | Reached XP level 10. HP: 67/79 MP: 10/10
  6312 | D:7      | Reached *** piety under Trog
  6596 | D:8      | Reached skill level 5 in Armour
  6744 | D:8      | Found a staircase to the Lair.
  6793 | D:8      | Noticed Gastronok
  6809 | D:8      | Killed Gastronok
  7024 | D:8      | Paralysed by a hornet for 3 turns
  7031 | D:8      | Reached XP level 11. HP: 45/87 MP: 11/11
  7190 | D:8      | Found a sparkling altar of Nemelex Xobeh.
  7660 | D:8      | Identified a scroll of acquirement
  7660 | D:8      | Acquired the +8 broad axe "Acou" {heavy, Int+3}
  7694 | D:9      | Noticed Maurice
  7709 | D:9      | Killed Maurice
  7713 | D:9      | Reached **** piety under Trog
  7870 | D:9      | Noticed Grum
  7895 | D:9      | Killed Grum
  8195 | D:9      | Found an ancient bone altar of Kikubaaqudgha.
  8206 | D:9      | Noticed a two-headed ogre
  8211 | D:9      | Killed a two-headed ogre
  8212 | D:9      | Reached skill level 10 in Axes
  8357 | D:9      | Noticed Pikel
  8363 | D:9      | Killed Pikel
  8501 | D:9      | Identified the +0 sling of Jomyib Niut {drain, rElec rPois
                  | rN+}
  8610 | D:10     | Entered Level 10 of the Dungeon
  8617 | D:10     | Reached skill level 10 in Fighting
  8701 | D:10     | Noticed Lodul
  8711 | D:10     | Killed Lodul
  8774 | D:10     | Noticed a two-headed ogre
  8775 | D:10     | Noticed a two-headed ogre
  8781 | D:10     | Killed a two-headed ogre
  8782 | D:10     | Reached XP level 12. HP: 68/98 MP: 12/12
  8783 | D:10     | Killed a two-headed ogre
  9043 | D:10     | Noticed Erica
  9063 | D:10     | Killed Erica
  9693 | D:11     | Noticed Urug
  9706 | D:11     | Killed Urug
 10295 | D:11     | Reached skill level 10 in Evocations
 10883 | D:12     | Found a runed translucent gate.
 10883 | D:12     | Found a runed translucent gate.
 10884 | D:12     | Found a runed translucent gate.
 10884 | D:12     | Noticed a tengu warrior
 10885 | D:12     | Noticed a centaur warrior
 10895 | D:12     | Noticed a naga warrior
 10896 | D:12     | Noticed a tengu warrior
 10896 | D:12     | Noticed sngkn's ghost (journeyman MiFi)
 10897 | D:12     | Noticed a deep elf knight
 11450 | D:12     | Found a staircase to the Orcish Mines.
 11504 | D:12     | Noticed a two-headed ogre
 11508 | D:12     | Killed a two-headed ogre
 11509 | D:12     | Reached XP level 13. HP: 94/106 MP: 13/13
 11779 | D:12     | Found an iron altar of Okawaru.
 11795 | D:12     | Killed sngkn's ghost
 12726 | D:14     | HP: 5/109 [poisoned by a meliai]
 12731 | D:14     | HP: 5/109 [poisoned by a meliai]
 13593 | D:14     | Found a gate to the Vaults.
 13593 | D:14     | Noticed a vault guard
 13593 | D:14     | Noticed a vault guard
 13593 | D:14     | Noticed a vault guard
 13593 | D:14     | Noticed a vault guard
 13593 | D:14     | Noticed a vault guard
 13593 | D:14     | Noticed a vault guard
 13596 | D:14     | Noticed a vault guard
 13599 | D:14     | Killed a vault guard
 13600 | D:14     | Noticed a vault guard
 13604 | D:14     | Killed a vault guard
 13605 | D:14     | Killed a vault guard
 13608 | D:14     | Reached XP level 14. HP: 116/116 MP: 14/14
 13782 | D:15     | Entered Level 15 of the Dungeon
 13794 | D:15     | Found a staircase to the Depths.
 14096 | D:15     | Found a hide-covered altar of Uskayaw.
 14490 | D:15     | Found a shimmering altar of Xom.
 15054 | Lair:1   | Entered Level 1 of the Lair of Beasts
 15815 | Lair:1   | Identified the ring of Xom's Fair Game {Fire rCorr Str+2
                  | Dex+4}
 15957 | D:7      | Bought the ring "Lyfumuce" {rPois rN+ Str+5} for 542 gold
                  | pieces
 16407 | Lair:2   | Found a staircase to the Snake Pit.
 16867 | Lair:2   | Found a staircase to the Swamp.
 17069 | Lair:2   | Reached ***** piety under Trog
 17590 | Lair:3   | Reached XP level 15. HP: 119/126 MP: 15/15
 17879 | Lair:3   | Reached skill level 10 in Dodging
 19292 | Lair:4   | Found a viscous altar of Jiyva.
 19319 | Lair:4   | Found a staircase to the Slime Pits.
 19847 | Lair:5   | Entered Level 5 of the Lair of Beasts
 20104 | Lair:5   | Received a gift from Trog
 20105 | Lair:5   | Reached skill level 10 in Armour
 20186 | Lair:5   | Reached skill level 15 in Axes
 21136 | Orc:1    | Entered Level 1 of the Orcish Mines
 21138 | Orc:1    | Noticed an orc warlord
 21151 | Orc:1    | Killed an orc warlord
 21152 | Orc:1    | Reached skill level 15 in Fighting
 21198 | Orc:1    | Noticed an orc warlord
 21205 | Orc:1    | Received a gift from Trog
 21213 | Orc:1    | Killed an orc warlord
 21235 | Orc:1    | Reached XP level 16. HP: 61/136 MP: 16/16
 21752 | Orc:1    | Found Mar Tab's Distillery.
 21809 | Orc:1    | Bought a potion of heal wounds for 60 gold pieces
 21809 | Orc:1    | Bought a potion of heal wounds for 60 gold pieces
 21809 | Orc:1    | Bought a potion of might for 48 gold pieces
 21809 | Orc:1    | Bought a potion of curing for 36 gold pieces
 21809 | Orc:1    | Bought a potion of attraction for 36 gold pieces
 21945 | Orc:1    | Identified the +3 morningstar of a ziggurat {venom, *Noise
                  | rF++ rC+ Int+2}
 22089 | Orc:2    | Entered Level 2 of the Orcish Mines
 22110 | Orc:2    | Found Kiomif Waut's Distillery.
 22145 | Orc:2    | Found Facri's Antique Armour Shop.
 22146 | Orc:2    | Found Qischusuph's Assorted Antiques.
 22170 | Orc:2    | Found Piyqon's Weapon Emporium.
 22172 | Orc:2    | Found Datei's General Store.
 22303 | Orc:2    | Bought a scroll of enchant weapon for 82 gold pieces
 22303 | Orc:2    | Bought a box of beasts for 440 gold pieces
 22303 | Orc:2    | Bought a potion of might for 44 gold pieces
 22303 | Orc:2    | Bought a potion of curing for 33 gold pieces
 22351 | Orc:2    | Bought a brightly glowing glass ring for 80 gold pieces
 22351 | Orc:2    | Identified the ring "Lamoogih" {rC+ Str+6} (You bought it
                  | in a shop on level 2 of the Orcish Mines)
 22380 | Orc:2    | Bought a potion of mutation for 104 gold pieces
 22380 | Orc:2    | Bought a potion of heal wounds for 65 gold pieces
 22380 | Orc:2    | Bought a potion of mutation for 104 gold pieces
 22516 | Orc:2    | Found a roughly hewn altar of Beogh.
 22626 | Orc:2    | Found a staircase to the Elven Halls.
 22654 | Orc:2    | Gained mutation: You are occasionally teleported next to
                  | monsters. [a neqoxec]
 23028 | Orc:2    | Received a gift from Trog
 23038 | Orc:2    | HP: 6/204 [orc warrior/+1 halberd of protection (6)]
 23038 | Orc:2    | Killed from afar by an orc priest

Illustrated notes

Levels and vault maps discovered:
D:1:      minmay_arrival_pointy, layout_loops_ring
D:2:      layout_loops_corners, serial_shops, shop, kennysheep_minor_cross
D:3:      layout_basic, lemuel_doored_altar, portal_sewer_entry_e,
          hellmonk_ecumenical_altar_arch_garden
D:4:      layout_basic, mainiacjoe_overflow_24_doors, lemuel_tele_altar,
          chequers_serial_rivers_room_a, uniq_crazy_yiuf_cottage, uniq_eustachio
D:5:      layout_basic, nicolae_overflow_hidden_temple, lemuel_flamethrower_1,
          uniq_grinder
D:6:      layout_layer_cave, okawaru_altar_gauntlet_db,
          mainiacjoe_overflow_swirl
D:7:      layout_basic, minmay_temple_entry_glassed_door, serial_shops, shop,
          kennysheep_decorative_pillar, serial_park_tiny_1
D:8:      layout_gridville, nemelex_diamond_rough_becter,
          due_lair_maze_entry_diamond, minmay_between, uniq_gastronok
D:9:      layout_cave_pools, mainiacjoe_overflow_chevrons, uniq_pikel,
          uniq_maurice, uniq_grum
D:10:     layout_rooms, kennysheep_cluttered_room, grunt_livestock, uniq_lodul,
          uniq_erica
D:11:     layout_basic, uniq_urug
D:12:     layout_loops_ring, orc_0_dummy, gammafunk_ghost_fury_of_okawaru
D:13:     layout_roguey, hive_lemuel
D:14:     layout_basic, erik_vaults_2, hangedman_abyss_or_decor_stabs,
          serial_library_hellmonk_junction
D:15:     hellmonk_depths_entry_around_the_bend, layout_basic,
          nicolae_uskayaw_dance_hall, xom_teletrap_fun
Lair:1:   layout_hall_layers, st_stairs_7, grunt_megastairs_5,
          serial_bayou_shore_b
Lair:2:   layout_regular_city, mainiacjoe_swamp_entry_lozenge_pond,
          guppyfry_snake_entry_island, grunt_megastairs_2
Lair:3:   wad_woods_structure_01, layout_big_grid, serial_bayou_shore_b,
          lemuel_fruit_tree, lemuel_fruit_fields
Lair:4:   layout_roguey, minmay_slime_entry_oklob_enclosed, beast_lair_carwin_4
Lair:5:   minmay_lair_end_frog_pond, layout_long_grid,
          infiniplex_staircase_pool_2, serial_bayou_shore_b,
          serial_bayou_shore_b
Orc:1:    layout_diamond_mine, serial_shops, shop_coins, minmay_orc_treasury
Orc:2:    st_orc_pillars, layout_caves, serial_shops, shop,
          nicolae_shop_tiny_real_fake_doors, shop, shop, shop,
          gauntlet_entry_generic, nicolae_orc_hostile_takeover,
          minmay_orc_temple_a

Skill      XL: |  1  2  3  4  5  6  7  8  9 10 11 12 13 14 15 16 |
---------------+-------------------------------------------------+-----
Evocations     | 1 2 3 4 5 6 7 9 10 11 12 13 14 | 14.1
Armour         | 1 2 3 4 5 6 7 8 9 10 | 10.5
Dodging        | 3 4 5 6 7 8 9 10 | 10.9
Fighting       | 3 4 6 7 8 10 11 12 14 15 | 15.4
Axes           | 4 5 6 7 9 10 11 13 14 15 | 15.6
Throwing       | |  1.7
Invocations    | |  0.7

Action                     |  1- 3 |  4- 6 |  7- 9 | 10-12 | 13-15 | 16-18 || total
---------------------------+-------+-------+-------+-------+-------+-------++-------
  Melee: War axe           |    49 |   123 |   255 |   348 |   363 |    71 ||  1209
         Whip              |    25 |    85 |   124 |       |       |       ||   234
         Hand axe          |       |    33 |       |       |       |       ||    33
         Broad axe         |       |       |       |   151 |   400 |    67 ||   618
 Invoke: Trog's Hand       |       |       |       |     7 |    10 |     3 ||    20
         Berserk           |       |       |       |     5 |     9 |     3 ||    17
         Brothers in Arms  |       |       |       |       |     1 |       ||     1
  Evoke: Wand              |       |       |       |     2 |    19 |       ||    21
    Use: Potion            |       |     1 |     5 |     6 |     2 |     4 ||    18
         Scroll            |       |     5 |     6 |    15 |     3 |     1 ||    30
   Stab: Sleeping          |     1 |       |       |       |       |       ||     1
         Distracted        |       |       |       |       |     1 |       ||     1
         Invisible         |       |       |       |       |       |     2 ||     2
 Armour: Leather armour    |    24 |       |       |       |       |       ||    24
         Ring mail         |    21 |    25 |       |       |       |       ||    46
         Chain mail        |       |   112 |   241 |     4 |       |       ||   357
         Plate armour      |       |       |       |   383 |   609 |   119 ||  1111
         Skin              |       |       |       |    10 |       |       ||    10
  Dodge: Dodged            |    43 |    81 |   119 |   179 |   307 |    85 ||   814

Table legend: (Time is in decaauts)
 A = Elapsed time spent in this place.
 B = Non-inter-level travel time spent in this place.
 C = Inter-level travel time spent in this place.
 D = Time resting spent in this place.
 E = Time spent auto-exploring this place.
 F = Levels seen in this place.
 G = Mean time per level.
                   A        B        C        D        E       F      G
               +--------+--------+--------+--------+--------+-----+--------+
         Total |  24052 |  22836 |   1216 |   1445 |  17420 |  22 | 1093.3 |
       Dungeon |  15938 |  15188 |    750 |   1078 |  11469 |  15 | 1062.5 |
          Lair |   6088 |   5679 |    409 |    152 |   4679 |   5 | 1217.6 |
  Orcish Mines |   2025 |   1969 |     56 |    214 |   1271 |   2 | 1012.5 |
               +--------+--------+--------+--------+--------+-----+--------+

Top non-repeatable levels by time:
  Lair:4: 1653 daAuts
     D:8: 1407 daAuts
     D:6: 1333 daAuts
    D:12: 1293 daAuts
    D:11: 1266 daAuts
  Lair:1: 1243 daAuts
    D:15: 1214 daAuts
  Lair:5: 1170 daAuts
    D:14: 1143 daAuts
     D:7: 1097 daAuts
  Lair:2: 1091 daAuts
     D:2: 1064 daAuts
    D:10: 1052 daAuts
   Orc:1: 1038 daAuts
     D:9: 1017 daAuts
